 Dungeon Crawl Stone Soup version 0.30.1-11-g7821555f0a (webtiles) character file.

Game seed: 10164229511535254319

422 jagang the Trooper (level 6, 0/51 HPs)
             Began as a Barachi Monk on Dec 20, 2023.
             Slain by Blork the orc
             ... wielding a +0 glaive
              (13 damage)
             ... on level 4 of the Dungeon.
             The game lasted 00:03:57 (2820 turns).

jagang the Trooper (Barachi Monk)                   Turns: 2820, Time: 00:03:58

Health: 0/51       AC: 12    Str: 12    XL:     6   Next: 95%
Magic:  6/6        EV:  9    Int: 10    God:
Gold:   214        SH:  0    Dex: 17    Spells: 5/5 levels left

rFire   . . .        a - +0 falchion
rCold   . . .        d - orb {light}
rNeg    . . .        p - +0 plate armour
rPois   .            (no helmet)
rElec   .            (no cloak)
rCorr   .            (no gloves)
SInv    +            (no boots)
Will    .....        (no amulet) Stlth
                     s - ring of Xoxu {EV+5 SInv}
HPRegen 0.28/turn    (no ring)
MPRegen 0.10/turn

%: no passive effects
@: glowing, slow
A: amphibious, slowness 1, strong legs 1, +LOS
a: Hop


You were on level 4 of the Dungeon.
You visited 1 branch of the dungeon, and saw 5 of its levels.

You collected 214 gold pieces.

Inventory:

Hand Weapons
 a - a +0 falchion (weapon)
 v - a +1 rapier of flaming
Missiles
 g - 9 poisoned darts (quivered)
Armour
 d - an orb of light (worn)
 p - a +0 plate armour (worn)
Jewellery
 s - the ring of Xoxu (left hand) {EV+5 SInv}
   (You found it on level 2 of the Dungeon)

   [ring of evasion]

   EV:        It affects your evasion (+5).
   SInv:      It lets you see invisible.
Scrolls
 b - a scroll of enchant armour {unknown}
 h - 3 scrolls of teleportation {unknown}
 i - a scroll of magic mapping {unknown}
 j - 4 scrolls of amnesia {unknown}
 k - a scroll of blinking {unknown}
 m - 6 scrolls of identify {unknown}
 u - a scroll of enchant weapon {unknown}
 w - a scroll of fog {unknown}
Potions
 c - a potion of ambrosia
 e - a potion of lignification {unknown}
 f - 4 potions of curing {unknown}
 l - 2 potions of flight {unknown}
 n - 2 potions of brilliance {unknown}
 o - 2 potions of heal wounds {unknown}
 q - a potion of berserk rage {unknown}
 r - a potion of mutation {unknown}
 t - a potion of magic {unknown}


   Skills:
 + Level 5.3 Fighting
 + Level 5.2 Long Blades
 * Level 4.9 Armour
 - Level 3.2 Dodging
 + Level 3.0 Shields


You had 5 spell levels left.
You didn't know any spells.
Your spell library contained the following spells:

 Spells                   Type           Power      Damage    Failure   Level
 Blink                    Tloc           0%         N/A       100%        2
 Cigotuvi's Dreadful Rot  Necr/Pois/Air  0%         N/A       100%        2
 Ensorcelled Hibernation  Hex/Ice        0%         N/A       100%        2
 Passwall                 Tmut/Erth      0%         N/A       100%        2
 Swiftness                Air            0%         N/A       100%        3
 Dispel Undead            Necr           0%         3d6       100%        4
 Manifold Assault         Tloc           0%         N/A       100%        4
 Death Channel            Necr           0%         N/A       100%        6
 Storm Form               Tmut/Air       0%         N/A       100%        7


Dungeon Overview and Level Annotations

Branches:
Dungeon (5/15)
 Temple: D:4-7

Altars:
Ru

Annotations:
D:4 Blork the orc


Innate Abilities, Weirdness & Mutations

You are amphibious.
You cover ground slowly.
You can hop short distances.
You have an extended range of vision and can be seen from far away.


Message History

You kill the ball python!
No target in view!
No target in view!
Found a stone staircase leading up.
Blork the orc comes into view.
He is wielding a +0 glaive.
Blork the orc shouts!
You hear a shout!
A hobgoblin comes into view.
You see here a +1 dagger of speed.
Blork the orc casts a spell.
Blork the orc seems to speed up.
Blork the orc hits you but does no damage. x2
Blork the orc hits you with a +0 glaive.
The hobgoblin closely misses you.
Blork the orc hits you with a +0 glaive.
You hit Blork the orc.
Blork the orc is lightly wounded.
Blork the orc barely misses you. The hobgoblin barely misses you.
You hit Blork the orc but do no damage.
Blork the orc is lightly wounded.
Blork the orc hits you with a +0 glaive.
The hobgoblin closely misses you.
Blork the orc hits you with a +0 glaive!
You hit Blork the orc.
Blork the orc is lightly wounded.
Blork the orc hits you with a +0 glaive!
The hobgoblin hits you but does no damage.
Blork the orc hits you with a +0 glaive!
You are too injured to fight recklessly!
You are too injured to fight recklessly!
You slash Blork the orc!
Blork the orc is moderately wounded.
The hobgoblin hits you but does no damage.
Blork the orc hits you with a +0 glaive!
* * * LOW HITPOINT WARNING * * *
You hit Blork the orc.
Blork the orc is heavily wounded.
Blork the orc hits you but does no damage.
The hobgoblin hits you but does no damage.
Blork the orc hits you with a +0 glaive!
You die...

# ... # #..... .#
.#..# .# #. #...#
.#
#.###...##.####
#.............
#........... .#
#......?go#...###
#.......@........
#.....#.#.##.####
####..#.#......
######.........#
#......).......#
#.#####.#.####.#
. #....# .# ....
.#####...####.# #
....
#....<.........#
#. ....


You could see Blork the orc (fast) and a hobgoblin.

Vanquished Creatures
  2 ogres
  A scorpion (D:3)
  An orc priest (D:5)
  An orc wizard (D:4)
  4 gnolls
  5 adders
  A worm (D:4)
  3 dart slugs
  An orc (D:4)
  6 ball pythons
  3 endoplasms
  A giant cockroach (D:4)
  7 goblins
  4 hobgoblins
  4 quokkas
  3 bats
  2 frilled lizards (D:1)
  3 kobolds
  2 rats (D:2)
54 creatures vanquished.

Notes
Turn   | Place    | Note
-------+----------+-------------------------------------------
     0 | D:1      | jagang the Barachi Monk began the quest for the Orb.
     0 | D:1      | Reached XP level 1. HP: 18/18 MP: 1/1
   357 | D:1      | Reached XP level 2. HP: 24/25 MP: 2/2
   644 | D:1      | Reached skill level 1 in Armour
  1059 | D:1      | Reached XP level 3. HP: 30/30 MP: 3/3
  1223 | D:2      | Reached skill level 1 in Shields
  1364 | D:2      | Identified the ring of Xoxu {EV+5 SInv}
  1606 | D:3      | Found a sacrificial altar of Ru.
  1721 | D:3      | Reached XP level 4. HP: 37/37 MP: 4/4
  1948 | D:3      | Noticed an ogre
  1960 | D:3      | Killed an ogre
  1961 | D:3      | Reached XP level 5. HP: 33/43 MP: 5/5
  2117 | D:3      | Reached XP level 6. HP: 43/50 MP: 6/6
  2268 | D:4      | Reached skill level 5 in Fighting
  2268 | D:4      | Reached skill level 5 in Long Blades
  2270 | D:5      | Entered Level 5 of the Dungeon
  2811 | D:4      | Noticed Blork the orc
  2820 | D:4      | Slain by Blork the orc

Illustrated notes

Levels and vault maps discovered:
D:1:      dpeg_arrival_circle_labyrinth_c, layout_basic
D:2:      layout_rooms
D:3:      layout_loops_ring, nicolae_ru_sacrificial_ziggurat
D:4:      layout_basic, grunt_ministairs_13, hangedman_decor_diamond_cutter,
          uniq_blork_the_orc
D:5:      layout_basic, led_sif_pool, nicolae_nh_ransacked_shop

Skill      XL: |  1  2  3  4  5  6 |
---------------+-------------------+-----
Fighting       | 4 5 |  5.3
Long Blades    | 4 5 |  5.2
Armour         | 1 2 3 4 |  4.9
Shields        | 1 2 3 |  3.0
Dodging        | |  3.2

Action                     |  1- 3 |  4- 6 || total
---------------------------+-------+-------++-------
  Melee: Falchion          |    78 |   115 ||   193
  Throw: Dart              |       |     6 ||     6
Ability: Hop               |       |     1 ||     1
 Armour: Ring mail         |    10 |       ||    10
         Plate armour      |    37 |    64 ||   101
  Dodge: Dodged            |    22 |    60 ||    82
